AoeStats
← Danaac

Arabia

509286920Analyzed
1v1 RM · 6d ago on Sep 26, 2026· 19m 4s· 2 players
Game mode
Random Map
Map size
Tiny (2 player)
Population
200
Speed
Normal
Resources
Standard
Victory
Conquest
Starting age
Dark Age
Ending age
Imperial Age
RankedLock teamsTeams togetherTeam positionsShared explorationLock speedFull tech treeHidden civsTurbo modeCheats
Victory
Defeat
🇲🇽 Mongols · Mexico
1405
+18
🇴🇲 Celts · Oman
1441
-18
Danaac
8:11 Feudal Age
10:22 Horse Collar
11:09 Loom
14:05 Fletching
20:41 Castle Age
19:03 Double-Bit Axe
AJJ
5:55 Loom
9:08 Feudal Age
9:14 Man-at-Arms
10:22 Double-Bit Axe
13:52 Fletching
14:02 Horse Collar
19:14 Padded Archer Armor
Connection lost

Rejoining the realm…

Still unreachable

The connection could not be restored.

Session expired

The server has moved on; the page needs a fresh start.